AoeStats
← universal

African Clearing

510454283Analyzed
2v2 RM · 21h ago on Oct 1, 2026· 59m 53s· 4 players
Game mode
Random Map
Map size
Medium (4 player)
Population
200
Speed
Normal
Resources
Standard
Victory
Conquest
Starting age
Dark Age
Ending age
Imperial Age
RankedLock teamsTeams togetherTeam positionsShared explorationLock speedFull tech treeHidden civsTurbo modeCheats
Victory
Defeat
🇨🇴 Vietnamese · Colombia
774
+10
🇨🇴 Sicilians · Colombia
403
+25
🇦🇷 Portuguese · Argentina
659
-19
🇨🇱 Huns · Chile
578
-16
universal
18:03 Feudal Age
23:23 Arson
26:54 Double-Bit Axe
26:51 Horse Collar
28:19 Stone Mining
29:01 Scale Mail Armor
38:09 Forging
42:47 Fletching
52:18 Castle Age
53:20 Chain Mail Armor
54:54 Iron Casting
56:53 Gambesons
57:11 Squires
ozzymandias15
6:22 Loom
18:32 Feudal Age
18:39 Man-at-Arms
20:40 Double-Bit Axe
21:57 Wheelbarrow
22:03 Gold Mining
22:37 Arson
26:45 Horse Collar
29:34 Castle Age
29:10 Fletching
29:28 Padded Archer Armor
30:22 Thumb Ring
30:33 Heavy Plow
30:07 Crossbowman
31:42 Bodkin Arrow
34:59 Bow Saw
36:31 Hand Cart
36:30 Town Watch
37:09 Leather Archer Armor
38:32 Stone Mining
40:01 Stone Shaft Mining
39:41 Town Patrol
40:21 Ballistics
39:44 Treadmill Crane
42:51 Squires
47:01 Imperial Age
44:58 Chatras
49:05 Chemistry
47:36 Arbalester
48:24 Bracer
48:54 Ring Archer Armor
51:48 Bombard Tower
51:19 Elite Battle Elephant
52:15 Bloodlines
52:08 Husbandry
56:56 Paper Money
56:02 Elite Fire Lancer
56:54 Forging
56:50 Scale Barding Armor
miaumiaumiau
12:14 Loom
14:20 Feudal Age
15:56 Double-Bit Axe
16:22 Horse Collar
20:00 Gold Mining
Brancaleone6938
3:49 Loom
16:48 Feudal Age
17:17 Town Watch
17:35 Double-Bit Axe
17:34 Horse Collar
18:45 Wheelbarrow
21:45 Fletching
23:47 Stone Mining
26:17 Castle Age
24:49 Padded Archer Armor
26:23 Gold Mining
27:50 Bodkin Arrow
29:46 Murder Holes
30:57 Treadmill Crane
37:29 Ballistics
37:43 Guard Tower
38:44 Masonry
39:42 Leather Archer Armor
39:28 Elite Skirmisher
42:17 Thumb Ring
42:57 Fortified Wall
45:41 Imperial Age
45:17 Town Patrol
46:36 Bracer
48:40 Hand Cart
51:04 Conscription
50:17 Sappers
52:09 Bow Saw
52:02 Heavy Plow
53:43 Chemistry
53:56 Architecture
55:18 Siege Engineers
60:32 Bombard Tower
Connection lost

Rejoining the realm…

Still unreachable

The connection could not be restored.

Session expired

The server has moved on; the page needs a fresh start.